NCAA
LOUISIANA STATE TIGERS @ NEBRASKA CORNHUSKERS
05/11/2026
 
TOP OF THE 1ST
Louisiana State Tigers batting - Pitching for Nebraska Cornhuskers : RHP Tyrone Ball
Pitching: RHP Tyrone Ball
Batting: LHB Al Miller 0-0: Foul Ball, location: 2F
0-1: Foul Ball, location: 2F
0-2: Ball
1-2: Ball
2-2: SOLO HOME RUN (Flyball, 9LD), Distance : 328 ft
Batting: RHB José López 0-0: Called Strike
0-1: Ball
1-1: Called Strike
1-2: Strikes out swinging
Batting: SHB Arturo Sánchez 0-0: Called Strike
0-1: Ground out 3-1 (Groundball, 34)
Batting: RHB John Howell 0-0: Foul Ball, location: 2F
0-1: Foul Ball, location: 2F
0-2: Fly out, F8 (Line Drive, 8LS)
Top of the 1st over - 1 run(s), 1 hit(s), 0 error(s), 0 left on base; Louisiana State 1 - Nebraska 0
BOTTOM OF THE 1ST
Nebraska Cornhuskers batting - Pitching for Louisiana State Tigers : LHP Ernest Hutchinson
Pitching: LHP Ernest Hutchinson
Batting: RHB Tony Barton 0-0: Ball
1-0: Called Strike
1-1: Ball
2-1: Ball
3-1: Fly out, F5 (Popup, 25)
Batting: SHB Carl Rivers 0-0: Called Strike
0-1: Ball
1-1: DOUBLE (Flyball, 9LM)
Batting: RHB Tony Long 0-0: Foul Ball, location: 2F
0-1: Ball
1-1: Swinging Strike
1-2: Strikes out looking
Batting: LHB Dusty Wilson 0-0: Called Strike
0-1: Ball
1-1: Fly out, F9 (Flyball, 89M)
Bottom of the 1st over - 0 run(s), 1 hit(s), 0 error(s), 1 left on base; Louisiana State 1 - Nebraska 0
TOP OF THE 2ND
Louisiana State Tigers batting - Pitching for Nebraska Cornhuskers : RHP Tyrone Ball
Batting: LHB Ronald Wallace 0-0: Swinging Strike
0-1: Swinging Strike
0-2: Ball
1-2: Ball
2-2: Strikes out swinging
Batting: LHB Glenn Williamson 0-0: Foul Ball, location: 2F
0-1: Ball
1-1: Foul Ball, location: 2F
1-2: Ball
2-2: Ball
3-2: Foul Ball, location: 2F
3-2: Strikes out swinging
Batting: RHB Artie Owen 0-0: Ball
1-0: Foul Ball, location: 2F
1-1: Ground out 6-3 (Groundball, 6)
Top of the 2nd over - 0 run(s), 0 hit(s), 0 error(s), 0 left on base; Louisiana State 1 - Nebraska 0
BOTTOM OF THE 2ND
Nebraska Cornhuskers batting - Pitching for Louisiana State Tigers : LHP Ernest Hutchinson
Batting: SHB Pete Albert 0-0: Ball
1-0: Called Strike
1-1: Ball
2-1: Foul Ball, location: 2F
2-2: Strikes out looking
Batting: RHB Miguel García 0-0: Ball
1-0: Called Strike
1-1: Foul Ball, location: 2F
1-2: Ball
2-2: Ball
3-2: Foul Ball, location: 2F
3-2: Foul Ball, location: 2F
3-2: Foul Ball, location: 2F
3-2: Base on Balls
Batting: RHB Júlio Franco 0-0: Ball
1-0: Ball
2-0: Ball
3-0: Called Strike
3-1: Fly out, F8 (Flyball, 8LM)
Batting: RHB António Rodríguez 0-0: Foul Ball, location: 2F
0-1: Ground out 6-3 (Groundball, 6)
Bottom of the 2nd over - 0 run(s), 0 hit(s), 0 error(s), 1 left on base; Louisiana State 1 - Nebraska 0
TOP OF THE 3RD
Louisiana State Tigers batting - Pitching for Nebraska Cornhuskers : RHP Tyrone Ball
Batting: RHB Melvin Johnstone 0-0: Ball
1-0: Ball
2-0: Called Strike
2-1: Ball
3-1: Base on Balls
Batting: RHB Rich Rowe 0-0: Ball
1-0: Ball
2-0: Ball
3-0: SINGLE (Line Drive, 8LS)
Melvin Johnstone to second
Batting: LHB Al Miller 0-0: Foul Ball, location: 2F
0-1: Swinging Strike
0-2: Ball
1-2: Foul Ball, location: 2F
1-2: Ball
2-2: Strikes out swinging
Batting: RHB José López 0-0: Called Strike
0-1: Ball
Passed Ball!
Melvin Johnstone to third
Rich Rowe to second
1-1: SINGLE (Groundball, 6MD)
Melvin Johnstone scores
Rich Rowe to third
Runner from 3rd tries for Home, SAFE, throw made home
Batting: SHB Arturo Sánchez 0-0: Ball
1-0: Ball
2-0: Swinging Strike
2-1: Ball
3-1: Base on Balls
José López to second
Batting: RHB John Howell 0-0: Fielders Choice at 2nd, 5-4 (Groundball, 56)
José López to third
Batting: LHB Ronald Wallace 0-0: Ball
1-0: SINGLE (Groundball, 6MD)
José López scores
John Howell to second
Runner from 2nd tries for 3rd, SAFE, throw made to third
Batting: LHB Glenn Williamson 0-0: Ball
1-0: Swinging Strike
1-1: Foul Ball, location: 2F
1-2: Strikes out looking
Top of the 3rd over - 3 run(s), 3 hit(s), 0 error(s), 2 left on base; Louisiana State 4 - Nebraska 0
BOTTOM OF THE 3RD
Nebraska Cornhuskers batting - Pitching for Louisiana State Tigers : LHP Ernest Hutchinson
Batting: LHB Phil Krieger 0-0: Ball
1-0: Ball
2-0: Ball
3-0: Ground out 6-3 (Groundball, 6M)
Batting: RHB Tony Barton 0-0: Foul Ball, location: 2F
0-1: Fly out, F8 (Flyball, 8LM)
Batting: SHB Carl Rivers 0-0: Ball
1-0: Ball
2-0: Ball
3-0: Base on Balls
Batting: RHB Tony Long 0-0: Foul Ball, location: 2F
0-1: Ball
1-1: Ball
2-1: Ball
3-1: Base on Balls
Carl Rivers to second
Batting: LHB Dusty Wilson 0-0: SINGLE (Line Drive, 34)
Carl Rivers to third
Tony Long to second
Runner from 3rd tries for Home, SAFE, no throw or cutoff
Batting: SHB Pete Albert 0-0: Fly out, F8 (Flyball, 8RM)
Bottom of the 3rd over - 1 run(s), 1 hit(s), 0 error(s), 2 left on base; Louisiana State 4 - Nebraska 1
TOP OF THE 4TH
Louisiana State Tigers batting - Pitching for Nebraska Cornhuskers : RHP Tyrone Ball
Batting: RHB Artie Owen 0-0: Called Strike
0-1: Ball
1-1: Ball
2-1: Foul Ball, location: 2F
2-2: Ground out 5-3 (Groundball, 56)
Batting: RHB Melvin Johnstone 0-0: Ball
1-0: SINGLE (Groundball, 56)
Batting: RHB Rich Rowe 0-0: Ball
1-0: Ball
2-0: Ball
3-0: Base on Balls
Melvin Johnstone to second
Batting: LHB Al Miller Reached via error on a dropped throw, E1
Melvin Johnstone to third
Rich Rowe to second
Batting: RHB José López 0-0: Ball
1-0: Ground out U3 (Groundball, 3S)
Melvin Johnstone scores
Rich Rowe to third
Al Miller to second
Batting: SHB Arturo Sánchez 0-0: Ball
1-0: Foul Ball, location: 2F
1-1: Ball
2-1: Ground out 4-3 (Groundball, 4)
Top of the 4th over - 1 run(s), 1 hit(s), 1 error(s), 2 left on base; Louisiana State 5 - Nebraska 1
BOTTOM OF THE 4TH
Nebraska Cornhuskers batting - Pitching for Louisiana State Tigers : LHP Ernest Hutchinson
Batting: RHB Miguel García 0-0: Foul Ball, location: 2F
0-1: Called Strike
0-2: Ball
1-2: Foul Ball, location: 2F
1-2: Ground out 1-3 (Groundball, 15)
Batting: RHB Júlio Franco 0-0: Called Strike
0-1: Ball
1-1: Swinging Strike
1-2: Strikes out swinging
Batting: RHB António Rodríguez 0-0: Called Strike
0-1: Ball
1-1: Ball
2-1: Ground out 4-3 (Groundball, 4)
Bottom of the 4th over - 0 run(s), 0 hit(s), 0 error(s), 0 left on base; Louisiana State 5 - Nebraska 1
TOP OF THE 5TH
Louisiana State Tigers batting - Pitching for Nebraska Cornhuskers : RHP Tyrone Ball
Batting: RHB John Howell 0-0: Ball
1-0: Foul Ball, location: 2F
1-1: Ball
2-1: Ball
3-1: Base on Balls
Pitching: RHP John Bradley
Batting: LHB Ronald Wallace 0-0: Ball
1-0: Called Strike
1-1: Swinging Strike
1-2: Foul Ball, location: 2F
1-2: Strikes out looking
Batting: LHB Glenn Williamson 0-0: Ball
1-0: Fly out, F8 (Flyball, 8RM)
Batting: RHB Artie Owen 0-0: Ball
1-0: Foul Ball, location: 2F
1-1: Foul Ball, location: 2F
1-2: Strikes out swinging
Top of the 5th over - 0 run(s), 0 hit(s), 0 error(s), 1 left on base; Louisiana State 5 - Nebraska 1
BOTTOM OF THE 5TH
Nebraska Cornhuskers batting - Pitching for Louisiana State Tigers : LHP Ernest Hutchinson
Batting: LHB Phil Krieger 0-0: Called Strike
0-1: Foul Ball, location: 2F
0-2: Ball
1-2: Ball
2-2: Strikes out swinging
Batting: RHB Tony Barton 0-0: Called Strike
0-1: SINGLE (Groundball, 56D)
Batting: SHB Carl Rivers 0-0: Foul Ball, location: 2F
0-1: Called Strike
0-2: Ball
1-2: Foul Ball, location: 2F
1-2: Strikes out swinging
Batting: RHB Tony Long 0-0: Called Strike
0-1: Ball
1-1: Called Strike
1-2: Ball
2-2: Reached on error, E6 (Groundball, 6M)
Tony Barton to second
Pitching: LHP Augusto García
Batting: LHB Dusty Wilson 0-0: Ball
1-0: Foul Ball, location: 2F
1-1: Swinging Strike
1-2: Fly out, F8 (Flyball, 8LM)
Bottom of the 5th over - 0 run(s), 1 hit(s), 1 error(s), 2 left on base; Louisiana State 5 - Nebraska 1
TOP OF THE 6TH
Louisiana State Tigers batting - Pitching for Nebraska Cornhuskers : RHP John Bradley
Batting: RHB Melvin Johnstone 0-0: Ball
1-0: Swinging Strike
1-1: Called Strike
1-2: Ball
2-2: Foul Ball, location: 2F
2-2: Ball
3-2: SOLO HOME RUN (Flyball, 7LD), Distance : 315 ft
Batting: RHB Rich Rowe 0-0: Called Strike
0-1: Ball
1-1: Ball
2-1: Foul Ball, location: 2F
2-2: Ball
3-2: Strikes out looking
Batting: LHB Al Miller 0-0: Ball
1-0: Swinging Strike
1-1: Called Strike
1-2: Strikes out swinging
Batting: RHB José López 0-0: SINGLE (Groundball, 56D)
Batting: SHB Arturo Sánchez 0-0: Foul Ball, location: 2F
0-1: Fly out, F9 (Line Drive, 89S)
Top of the 6th over - 1 run(s), 2 hit(s), 0 error(s), 1 left on base; Louisiana State 6 - Nebraska 1
BOTTOM OF THE 6TH
Nebraska Cornhuskers batting - Pitching for Louisiana State Tigers : LHP Augusto García
Batting: SHB Pete Albert 0-0: Fly out, F7 (Flyball, 7M)
Batting: RHB Miguel García 0-0: Ball
1-0: Ball
2-0: Fly out, F8 (Flyball, 8RM)
Batting: RHB Júlio Franco 0-0: Ball
1-0: Ball
2-0: Fly out, F3 (Popup, 3DF)
Bottom of the 6th over - 0 run(s), 0 hit(s), 0 error(s), 0 left on base; Louisiana State 6 - Nebraska 1
TOP OF THE 7TH
Louisiana State Tigers batting - Pitching for Nebraska Cornhuskers : RHP John Bradley
Pitching: RHP Ronald Roark
Batting: RHB John Howell 0-0: Swinging Strike
0-1: Ball
1-1: Ball
2-1: Foul Ball, location: 2F
2-2: Ball
3-2: Base on Balls
Batting: LHB Ronald Wallace 0-0: Ball
1-0: Swinging Strike
1-1: Called Strike
1-2: Strikes out swinging
Batting: LHB Glenn Williamson 0-0: Foul Ball, location: 2F
0-1: Swinging Strike
0-2: Fly out, F5 (Popup, 25F)
Batting: RHB Artie Owen 0-0: Foul Ball, location: 2F
0-1: Ball
1-1: Ground out 6-3 (Groundball, 6)
Top of the 7th over - 0 run(s), 0 hit(s), 0 error(s), 1 left on base; Louisiana State 6 - Nebraska 1
BOTTOM OF THE 7TH
Nebraska Cornhuskers batting - Pitching for Louisiana State Tigers : LHP Augusto García
Batting: RHB António Rodríguez 0-0: Ball
1-0: Ball
2-0: Foul Ball, location: 2F
2-1: Ball
3-1: Base on Balls
Batting: LHB Phil Krieger 0-0: Ground out 3-1 (Groundball, 34)
António Rodríguez to second
Batting: RHB Tony Barton 0-0: Called Strike
0-1: Ball
Wild Pitch!
António Rodríguez to third
1-1: Swinging Strike
1-2: Ball
2-2: Strikes out swinging
Batting: SHB Carl Rivers 0-0: Called Strike
0-1: Ball
1-1: SINGLE (Groundball, 6MD)
António Rodríguez scores
Batting: RHB Tony Long 0-0: Ball
1-0: 2-RUN HOME RUN (Flyball, 78XD), Distance : 368 ft
Batting: LHB Dusty Wilson 0-0: Called Strike
0-1: Ball
1-1: Ball
2-1: Ground out 4-3 (Groundball, 4M)
Bottom of the 7th over - 3 run(s), 2 hit(s), 0 error(s), 0 left on base; Louisiana State 6 - Nebraska 4
TOP OF THE 8TH
Louisiana State Tigers batting - Pitching for Nebraska Cornhuskers : RHP Ronald Roark
Batting: RHB Melvin Johnstone 0-0: Ball
1-0: SINGLE (Groundball, 56D)
Batting: RHB Rich Rowe 0-0: Ball
1-0: Swinging Strike
1-1: Called Strike
1-2: Foul Ball, location: 2F
1-2: Ball
2-2: Foul Ball, location: 2F
2-2: Foul Ball, location: 2F
2-2: Foul Ball, location: 2F
2-2: Strikes out swinging
Batting: LHB Al Miller 0-0: Ball
1-0: Ball
2-0: Ball
3-0: Base on Balls
Melvin Johnstone to second
Batting: RHB José López 0-0: Called Strike
0-1: Swinging Strike
0-2: Ball
1-2: Ball
2-2: Fly out, F8 (Flyball, 78M)
Batting: SHB Arturo Sánchez Balk!
Melvin Johnstone to third
Al Miller to second
0-0: Ball
1-0: Ball
2-0: Called Strike
2-1: Ball
3-1: Base on Balls
Batting: RHB John Howell 0-0: Called Strike
0-1: Ball
1-1: Swinging Strike
1-2: Ball
2-2: Ball
3-2: Base on Balls
Melvin Johnstone scores
Al Miller to third
Arturo Sánchez to second
Batting: LHB Ronald Wallace 0-0: SINGLE (Line Drive, 6M)
Al Miller scores
Arturo Sánchez to third
John Howell to second
Runner from 3rd tries for Home, SAFE, no throw or cutoff
Pitching: RHP Mark Jones
Batting: LHB Glenn Williamson 0-0: Called Strike
0-1: SINGLE (Groundball, 4MD)
John Howell to third
Ronald Wallace to second
Runner from 3rd tries for Home, SAFE, throw made home
Ronald Wallace to third
Glenn Williamson to second
Batting: RHB Artie Owen 0-0: Ball
1-0: Ball
2-0: Ball
3-0: Base on Balls
Batting: RHB Melvin Johnstone 0-0: Fly out, F9 (Flyball, 89S)
Top of the 8th over - 4 run(s), 3 hit(s), 0 error(s), 3 left on base; Louisiana State 10 - Nebraska 4
BOTTOM OF THE 8TH
Nebraska Cornhuskers batting - Pitching for Louisiana State Tigers : LHP Augusto García
Pitching: RHP Bernard Rose
Now in RF: Chris Jackson
Batting: SHB Pete Albert 0-0: Ball
1-0: Called Strike
1-1: Called Strike
1-2: Strikes out swinging
Batting: RHB Miguel García 0-0: Ball
1-0: Ball
2-0: Fly out, F9 (Flyball, 9LD)
Batting: RHB Júlio Franco 0-0: Ball
1-0: Called Strike
1-1: Ball
2-1: Ball
3-1: Base on Balls
Batting: RHB António Rodríguez 0-0: Fly out, F8 (Flyball, 8RM)
Bottom of the 8th over - 0 run(s), 0 hit(s), 0 error(s), 1 left on base; Louisiana State 10 - Nebraska 4
TOP OF THE 9TH
Louisiana State Tigers batting - Pitching for Nebraska Cornhuskers : RHP Mark Jones
Pitching: LHP Miguel Meneces
Batting: RHB Rich Rowe 0-0: Foul Ball, location: 2F
0-1: Ball
1-1: Ball
2-1: Ground out 4-3 (Groundball, 4)
Batting: LHB Al Miller 0-0: Ball
1-0: Called Strike
1-1: SINGLE (Groundball, 34D)
Batting: RHB José López 0-0: Foul Ball, location: 2F
0-1: Called Strike
0-2: Ball
1-2: Strikes out swinging
Batting: SHB Arturo Sánchez 0-0: Ball
1-0: SINGLE (Groundball, 56D)
Al Miller to second
Batting: RHB John Howell 0-0: Called Strike
0-1: Foul Ball, location: 2F
0-2: Ball
1-2: Ball
2-2: Strikes out swinging
Top of the 9th over - 0 run(s), 2 hit(s), 0 error(s), 2 left on base; Louisiana State 10 - Nebraska 4
BOTTOM OF THE 9TH
Nebraska Cornhuskers batting - Pitching for Louisiana State Tigers : RHP Bernard Rose
Now at 1B: Francisco Torres
Batting: LHB Phil Krieger 0-0: Ball
1-0: SINGLE (Flyball, 78S)
Batting: RHB Tony Barton 0-0: Foul Ball, location: 2F
0-1: Ball
1-1: Foul Ball, location: 2F
1-2: Ball
2-2: Strikes out swinging
Batting: SHB Carl Rivers 0-0: Called Strike
0-1: Ball
1-1: Ball
2-1: Ball
3-1: Base on Balls
Phil Krieger to second
Batting: RHB Tony Long 0-0: Foul Ball, location: 2F
0-1: Ball
1-1: Called Strike
1-2: SINGLE (Line Drive, 7LS)
Phil Krieger to third
Carl Rivers to second
Batting: LHB Dusty Wilson 0-0: Ball
1-0: Reached on error, E3 (Groundball, 3)
Phil Krieger scores
Carl Rivers to third
Tony Long to second
Pitching: RHP Steve Henry
Batting: SHB Pete Albert 0-0: Called Strike
0-1: Called Strike
0-2: Fly out, F2 (Popup, 2RF)
Batting: RHB Miguel García 0-0: Ball
1-0: Called Strike
1-1: Ground out 1-3 (Groundball, 13)
Bottom of the 9th over - 1 run(s), 2 hit(s), 1 error(s), 3 left on base; Louisiana State 10 - Nebraska 5
Monday, December 5th, 2016 - OOTP Baseball 17.12 Build 75